 Dungeon Crawl Stone Soup version 0.29-a0-384-g6960b1960d (webtiles) character file.

Game seed: 17466904229454298888

54 happo123 the Ruffian (level 3, 36/36 HPs)
             Began as a Troll Berserker on May 6, 2022.
             Was a Follower of Trog.
             Quit the game on level 3 of the Dungeon.
             The game lasted 00:06:00 (2365 turns).

happo123 the Ruffian (Troll Berserker)              Turns: 2365, Time: 00:06:01

Health: 36/36      AC:  4    Str: 27    XL:     3   Next: 66%
Magic:  2/2        EV: 10    Int:  3    God:    Trog [*.....]
Gold:   216        SH:  0    Dex:  9    Spells: 2/2 levels left

rFire   . . .      SeeInvis .     - Unarmed
rCold   . . .      Faith    .   (no shield)
rNeg    . . .      Spirit   +   a - +0 animal skin
rPois   .          Reflect  .   (helmet restricted)
rElec   .          Harm     .   (no cloak)
rCorr   .          Rampage  .   (gloves unavailable)
Will    .....                   (boots unavailable)
Stlth   +.........              b - amulet of guardian spirit
HPRegen 0.92/turn               (no ring)
MPRegen 0.08/turn               (no ring)

@: no status effects
A: large, unfitting armour, claws 3, regeneration 1, shaggy fur 1, tough skin 1
a: Renounce Religion, Berserk


You were on level 3 of the Dungeon.
You worshipped Trog.
Trog was aware of your devotion.
You visited 1 branch of the dungeon, and saw 3 of its levels.

You collected 216 gold pieces.

Inventory:

Missiles
 l - 2 throwing nets (quivered)
Armour
 a - a +0 animal skin (worn)
Jewellery
 b - an amulet of guardian spirit (around neck)
Scrolls
 d - 2 scrolls of summoning {unknown}
 e - 4 scrolls of blinking {unknown}
 f - a scroll of noise {unknown}
 k - a scroll of torment {unknown}
 m - a scroll of identify {unknown}
 n - a scroll of amnesia {unknown}
Potions
 c - 4 potions of curing {unknown}
 g - a potion of might {unknown}
 h - 2 potions of attraction {unknown}
 i - a potion of heal wounds {unknown}
 j - a potion of haste {unknown}


   Skills:
 + Level 2.8 Fighting
 + Level 3.0 Dodging
 + Level 3.8 Unarmed Combat


You had 2 spell levels left.
You didn't know any spells.
Your spell library was empty.

Dungeon Overview and Level Annotations

Branches:
Dungeon (3/15)

Altars:
Ashenzari
Okawaru
Trog


Innate Abilities, Weirdness & Mutations

You are too large for most types of armour.
You have claws for hands.
Your natural rate of healing is unusually fast.
You are covered in fur. (AC +1)
You have tough skin. (AC +1)


Message History

You kill the bat!
Trog accepts your kill.
Your Dodging skill increases to level 3!
You see here a bat corpse.
You now have 216 gold pieces (gained 11).
You open the door.
A ball python comes into view.
The ball python hisses angrily.
Found 19 stones.
A ball python is nearby!
There is an open door here.
The ball python bites you but does no damage.
You scratch the ball python.
The ball python is severely wounded.
The ball python closely misses you.
You claw the ball python!
You kill the ball python!
Trog accepts your kill.
A ball python comes into view.
The helpless ball python fails to defend itself.
You claw the ball python!
You kill the ball python!
Trog accepts your kill.
Found a thin glowing staff.
You see here a staff of fire.
You see here a staff of fire.
c - 4 fizzy sapphire potions (gained 1)
You see here a staff of fire.
You see here a ball python corpse.
There is an open door here.
You open the door.
Found a stone staircase leading down.
There is an open door here.
As you open the door, it creaks loudly!
n - a scroll labelled KAVVUSCH KIYPP
There is a stone staircase leading down here.
There is an open door here.
Done exploring.
Okay, then.
Are you sure you want to abandon this character and quit the game? (Confirm with "yes".)

###############################
..........#....#..............###
#..............+.................
#..............#...............##
#..............#........)........
###..............#####.#.......##
#..............# #.#.##<#####
###.............@# #.#.##....[.
.................# #.#.########
..#....###+#####.#####.#.########
..'..............................
..#....###.#####.#####.#.########
..####...#.#.............########
.............##'#######..........
..####...#...#........#..########
######...###.#........#..#


There were no monsters in sight!

Vanquished Creatures
  2 adders
  6 ball pythons
  4 bats
  2 endoplasms
  2 giant cockroaches (D:1)
  3 goblins
  4 hobgoblins
  3 quokkas
  3 frilled lizards (D:2)
  3 kobolds
  2 rats (D:1)
34 creatures vanquished.

Notes
Turn   | Place    | Note
-------+----------+-------------------------------------------
     0 | D:1      | happo123 the Troll Berserker began the quest for the Orb.
     0 | D:1      | Reached XP level 1. HP: 22/22 MP: 0/0
   307 | D:1      | Reached XP level 2. HP: 29/29 MP: 1/1
  1035 | D:2      | Reached XP level 3. HP: 34/36 MP: 2/2
  1639 | D:3      | Found a bloodstained altar of Trog.
  1642 | D:3      | Found an iron altar of Okawaru.
  1647 | D:3      | Found a broken altar of Ashenzari.
  2365 | D:3      | Quit the game

Illustrated notes

Levels and vault maps discovered:
D:1:      scummos_arrival_star, layout_loops_corners
D:2:      layout_loops_ring, dreamdust_princess_bridge
D:3:      layout_basic, minmay_overflow_temple_star_quad, minivault_25

Skill      XL: |  1  2  3 |
---------------+----------+-----
Dodging        | 3 |  3.0
Fighting       | |  2.8
Unarmed Combat | |  3.8

Action                   || total
-------------------------++-------
Melee: Unarmed           ||    89
       Punch             ||     1
 Stab: Sleeping          ||     1
Armor: Animal skin       ||    20
Dodge: Dodged            ||    53

Table legend: (Time is in decaauts)
 A = Elapsed time spent in this place.
 B = Non-inter-level travel time spent in this place.
 C = Inter-level travel time spent in this place.
 D = Time resting spent in this place.
 E = Time spent auto-exploring this place.
 F = Levels seen in this place.
 G = Mean time per level.
                   A        B        C        D        E       F      G
               +--------+--------+--------+--------+--------+-----+--------+
         Total |   2358 |   2088 |    270 |      0 |   1847 |   3 |  786.0 |
       Dungeon |   2358 |   2088 |    270 |      0 |   1847 |   3 |  786.0 |
               +--------+--------+--------+--------+--------+-----+--------+

Top non-repeatable levels by time:
     D:3: 898 daAuts
     D:1: 804 daAuts
     D:2: 655 daAuts
